 Dungeon Crawl Stone Soup version 0.22.1-6-g1668fe2c40 (webtiles) character file.

18404 Forgol the Spear-Bearer (level 12, -15/105 HPs)
             Began as a Red Draconian Fighter on Jan 23, 2019.
             Was an Elder of Cheibriados.
             Engulfed by a cloud of freezing vapour (70 damage)
             ... in an ice cave.
             The game lasted 00:46:11 (17180 turns).

Forgol the Spear-Bearer (Red Draconian Fighter)    Turns: 17180, Time: 00:46:13

Health: -15/105    AC: 11    Str: 33    XL:     12   Next: 27%
Magic:  18/18      EV: 17    Int: 19    God:    Cheibriados [****..]
Gold:   508        SH: 17    Dex: 21    Spells: 11/11 levels left

rFire    + . .     SeeInvis .   M - +8 demon trident of Kes Ziuj {pain, rElec rPois MR+}
rCold    . . .     Gourm    .   b - +4 shield
rNeg     + . .     Faith    +   (armour unavailable)
rPois    +         Spirit   .   (helmet restricted)
rElec    +         Reflect  .   (no cloak)
rCorr    .         Harm     .   B - +0 pair of gloves
MR       +....                  f - +1 pair of boots
Stlth    ++........             a - amulet "Oskism" {Faith rN+}
HPRegen  0.27/turn              o - ring of wizardry
MPRegen  0.16/turn              (no ring)

@: slowed, very slow
A: breathe fire, unfitting armour, fire resistance 1, cold-blooded, AC +8
a: Breathe Fire, Bend Time, Temporal Distortion, Slouch, Renounce Religion


You were in an ice cave.
You worshipped Cheibriados.
Cheibriados was greatly pleased with you.
You were hungry.

You visited 3 branches of the dungeon, and saw 16 of its levels.
You also visited: Labyrinth and Ice Cave.

You collected 664 gold pieces.
You spent 156 gold pieces at shops.

Inventory:

Hand Weapons
 x - the +6 hand crossbow of Deiriylei {flame, rPois Dex+4 SInv, unknown}
   (You acquired it on level 10 of the Dungeon)

   It causes projectiles fired from it to burn those they strike, causing extra
   injury to most foes and up to half again as much damage against particularly
   susceptible opponents.
   It affects your dexterity (+4).
   It protects you from poison.
   It lets you see invisible.
 M - the +8 demon trident of Kes Ziuj (weapon) {pain, rElec rPois MR+}
   (You acquired it on level 2 of the Lair of Beasts)

   In the hands of one skilled in necromantic magic, it inflicts extra damage on
   living creatures.
   It insulates you from electricity.
   It protects you from poison.
   It affects your resistance to hostile enchantments.
Missiles
 e - 2 throwing nets (quivered)
 k - 364 stones
 P - 18 silver javelins
Armour
 b - a +4 shield (worn)
 f - a +1 pair of boots (worn)
 B - a +0 pair of gloves (worn)
 Q - +0 gold dragon scales
Jewellery
 a - the amulet "Oskism" (around neck) {Faith rN+}
   (You took it off a minotaur in a labyrinth)

   [amulet of faith]

   It allows you to gain divine favour quickly.
   It protects you from negative energy.
 o - a ring of wizardry (left hand)
 p - an uncursed amulet of faith
 q - an uncursed amulet of the gourmand
 E - an uncursed amulet of regeneration
 S - an uncursed ring of flight
Wands
 h - a wand of disintegration (22)
 m - a wand of digging (15)
 w - a wand of paralysis (24)
 z - a wand of flame (42)
 A - a wand of iceblast (10)
 H - a wand of acid (14)
 U - a wand of enslavement (15)
Scrolls
 n - 9 scrolls of teleportation
 s - 8 scrolls of remove curse
 y - a scroll of amnesia
 R - a scroll of enchant weapon
Potions
 c - 2 potions of magic
 g - 3 potions of brilliance
 i - a potion of agility
 j - 3 potions of resistance
 l - 4 potions of curing
 r - 2 potions of invisibility
 t - 3 potions of flight
 u - a potion of mutation
 v - a potion of haste {unknown}
 C - a potion of degeneration {unknown}
 D - a potion of ambrosia {unknown}
 G - a potion of might
Miscellaneous
 L - a phantom mirror
Comestibles
 d - 16 rations
 F - 12 chunks of flesh


   Skills:
 + Level 9.4 Fighting
 * Level 12.7 Polearms
 + Level 7.9 Dodging
 + Level 8.6 Shields
 - Level 8.5 Invocations


You had 11 spell levels left.
You didn't know any spells.
Your spell library contained the following spells:

 Spells                   Type           Power        Failure   Level  Hunger
 Animate Skeleton         Necr           N/A          19%         1    ##.....
 Pain                     Necr           #...         19%         1    ##.....
 Regeneration             Chrm/Necr      #.........   45%         3    ####...
 Vampiric Draining        Necr           #.........   45%         3    ####...
 Animate Dead             Necr           N/A          86%         4    #####..
 Cause Fear               Hex            #.........   86%         4    #####..
 Leda's Liquefaction      Hex/Erth       #.........   86%         4    #####..
 Bolt of Magma            Conj/Fire/Erth #.........   99%         5    ######.
 Iskenderun's Battlesphe  Conj/Chrm      #.......     99%         5    ######.
 Silence                  Hex/Air        #.........   99%         5    ######.
 Venom Bolt               Conj/Pois      #.........   99%         5    ######.
 Yara's Violent Unravell  Hex/Tmut       #.........   99%         5    ######.
 Deflect Missiles         Chrm/Air       #.........   100%        6    #######
 Iron Shot                Conj/Erth      #.........   100%        6    #######
 Statue Form              Tmut/Erth      #........    100%        6    #######
 Orb of Destruction       Conj           #.........   100%        7    #######
 Spellforged Servitor     Conj/Summ      #.........   100%        7    #######
 Discord                  Hex            #.........   100%        8    #######
 Shatter                  Erth           #.........   100%        9    #######


Dungeon Overview and Level Annotations

Branches:
Dungeon (12/15)            Temple (1/1) D:5            Lair (3/6) D:10
    Orc (0/2) D:10
  Swamp: Lair:2-4    Shoals: Lair:2-4     Snake: Lair:2-4    Spider: Lair:2-4

Altars:
Ashenzari
Cheibriados
Dithmenos
Elyvilon
Fedhas
Gozag
Hepliaklqana
Kikubaaqudgha
Makhleb
Nemelex Xobeh
Okawaru
Qazlal
Ru
Sif Muna
Trog
Uskayaw
Vehumet
Wu Jian
Xom
Yredelemnul
Zin
The Shining One

Shops:
D:6 !   D:7 *   D:8 *   D:11 (

Portals:
Trove: D:11 (give +5 demon blade)

Annotations:
D:4 3 runed doors, Sondor's ghost, amateur DgFi
D:5 2 runed doors, tensugalgo's ghost, novice DsSk
D:10 2 runed doors, Forgol's ghost, journeyman HaHu


Innate Abilities, Weirdness & Mutations

You can breathe blasts of fire.
Your fiery red scales are hard. (AC +8)
You cannot fit into any form of body armour.
Your flesh is heat resistant. (rF+)
You are cold-blooded and may be slowed by cold attacks.


Message History

The polar bear is almost dead.
You hit the polar bear.
The polar bear is almost dead.
You block the polar bear's attack. The polar bear completely misses you.
You block the polar bear's attack.
You hit the polar bear. You tail-slap the polar bear.
You kill the polar bear!
Cheibriados appreciates the change of pace.
No target in view!
No target in view!
You see here a polar bear corpse.
You butcher the polar bear corpse.
F - 12 chunks of flesh (gained 4)
You see here a polar bear skeleton.
You are engulfed in freezing vapours.
You feel yourself slow down.
There isn't anything to butcher here.
You are engulfed in freezing vapours.
You feel as though you will be slow longer.
Ouch! That really hurt!
You die...

### #..#######
#.∩....#.##
##..∩.....### ##
.
###........###§#
...
####.###..#§#§..#
### ##§@§§§#
##§§§## ##§## ###


There were no monsters in sight!

Vanquished Creatures
  A minotaur (Lab)
  2 hydras
  A two-headed ogre (D:9)
  Sonja (D:11)
  An ugly thing (D:10)
  Pikel (D:9)
  A cyclops (D:11)
  A black mamba (Lair:2)
  4 spiny frogs
  A komodo dragon (Lair:1)
  A merfolk (D:9)
  3 polar bears (IceCv)
  8 blink frogs (Lair:1)
  6 hippogriffs
  A shadow (Lab)
  A wyvern (D:10)
  12 yaks
  Grum (Lair:1)
  2 hungry ghosts (Lab)
  A basilisk (Lair:2)
  2 water moccasins
  Duvessa (D:6)
  4 ice beasts
  4 porcupines
  2 black bears (D:10)
  A sky beast (D:6)
  4 orc warriors
  3 ogres
  2 phantoms
  An ogre (shapeshifter) (D:10)
  5 wolves
  3 centaurs
  3 crocodiles
  A big kobold (D:10)
  12 bullfrogs
  Dowan (D:6)
  3 scorpions
  A water moccasin skeleton (D:4)
  7 wights
  7 killer bees (D:10)
  An electric eel (Lair:1)
  2 howler monkeys
  5 crimson imps
  3 quasits
  5 hounds
  4 jellies
  A centaur skeleton (D:10)
  7 orc priests
  Ijyb (D:6)
  6 worker ants
  5 orc wizards
  4 hound zombies
  A hound skeleton (D:5)
  4 gnolls (D:8)
  10 adders
  A river rat (D:4)
  2 shadow imps
  An ooze (D:2)
  3 adder skeletons
  A worm (D:2)
  3 leopard geckos
  39 orcs
  A ball python (D:8)
  8 giant cockroaches
  8 goblins
  4 hobgoblins
  8 jackals
  11 kobolds
  3 quokkas
  8 bats
  3 frilled lizards
  2 gnoll zombies (D:7)
  A jackal zombie (D:9)
  A leopard gecko skeleton (D:8)
  A leopard gecko zombie (D:6)
  6 rats
291 creatures vanquished.

Vanquished Creatures (others)
  2 yaks (IceCv)
2 creatures vanquished.

Grand Total: 293 creatures vanquished

Notes
Turn   | Place    | Note
-------+----------+-------------------------------------------
     0 | D:1      | Forgol the Draconian Fighter began the quest for the Orb.
     0 | D:1      | Reached XP level 1. HP: 19/19 MP: 1/1
   456 | D:1      | Reached XP level 2. HP: 24/26 MP: 2/2
   816 | D:2      | Reached XP level 3. HP: 28/33 MP: 3/3
  1168 | D:2      | Reached skill level 3 in Polearms
  1202 | D:2      | Reached XP level 4. HP: 23/40 MP: 4/4
  2405 | D:3      | Noticed an ogre
  2414 | D:3      | Killed an ogre
  2414 | D:3      | Reached skill level 4 in Polearms
  2414 | D:3      | Reached XP level 5. HP: 46/46 MP: 5/5
  2843 | D:3      | Reached skill level 5 in Polearms
  2931 | D:3      | Reached XP level 6. HP: 40/52 MP: 6/6
  3613 | D:4      | Reached skill level 6 in Polearms
  3887 | D:4      | Found a runed gate.
  3945 | D:4      | Your scales start taking on a fiery red colour.
  3945 | D:4      | Reached XP level 7. HP: 58/58 MP: 7/7
  3945 | D:4      | Gained mutation: Your flesh is heat resistant. (rF+) [Red
                  | Draconian growth]
  4171 | D:4      | Noticed Sondor's ghost (amateur DgFi)
  4176 | D:4      | Found a runed gate.
  4176 | D:4      | Found a runed gate.
  4496 | D:5      | Entered Level 5 of the Dungeon
  4505 | D:5      | Found a shattered altar of Ashenzari.
  4605 | D:5      | Found a runed door.
  4608 | D:5      | Noticed tensugalgo's ghost (novice DsSk)
  4638 | D:5      | Reached skill level 7 in Polearms
  4764 | D:5      | Found a runed door.
  4794 | D:5      | Found a staircase to the Ecumenical Temple.
  4804 | Temple   | Entered the Ecumenical Temple
  4886 | Temple   | Became a worshipper of Cheibriados the Contemplative
  5165 | D:5      | Found a stormy altar of Qazlal.
  5165 | D:5      | Found an iron altar of Okawaru.
  5170 | D:5      | Found a faded altar of an unknown god.
  5172 | D:5      | Found a blossoming altar of Fedhas.
  5173 | D:5      | Found a faded altar of an unknown god.
  5261 | D:6      | Noticed Duvessa
  5261 | D:6      | Noticed Dowan
  5314 | D:6      | Noticed Ijyb
  5339 | D:6      | Killed Ijyb
  5522 | D:6      | Killed Duvessa
  5522 | D:6      | Reached XP level 8. HP: 57/67 MP: 8/8
  5531 | D:6      | Reached skill level 8 in Polearms
  5534 | D:6      | Killed Dowan
  5534 | D:6      | Reached * piety under Cheibriados
  5535 | D:6      | Reached skill level 5 in Fighting
  5649 | D:6      | Found a deep blue altar of Sif Muna.
  5759 | D:6      | Reached skill level 5 in Shields
  5967 | D:6      | Found a glowing silver altar of Zin.
  5969 | D:6      | Found an opulent altar of Gozag.
  6024 | D:6      | Found Suroebam's Distillery.
  6081 | D:6      | Reached skill level 9 in Polearms
  6427 | D:7      | Reached ** piety under Cheibriados
  6427 | D:7      | Reached XP level 9. HP: 69/75 MP: 9/9
  6515 | D:7      | Found a basalt altar of Yredelemnul.
  6536 | D:7      | Reached skill level 5 in Dodging
  6537 | D:7      | Found Afuahin's Assorted Antiques.
  6842 | D:7      | Reached skill level 1 in Invocations
  6999 | D:8      | Reached *** piety under Cheibriados
  7357 | D:8      | Found a hazy altar of Hepliaklqana.
  7548 | D:8      | Found Haiklet's General Store.
  7593 | D:8      | Reached **** piety under Cheibriados
  7858 | D:9      | Noticed Pikel
  7866 | D:9      | Killed Pikel
  7866 | D:9      | Reached skill level 10 in Polearms
  7986 | D:9      | Noticed a two-headed ogre
  7993 | D:9      | Killed a two-headed ogre
  7993 | D:9      | Reached XP level 10. HP: 43/84 MP: 13/13
  8308 | D:9      | Reached skill level 5 in Invocations
  8592 | D:9      | You fall through a shaft!
  8592 | D:10     | Entered Level 10 of the Dungeon
  8597 | D:10     | Identified a scroll of acquirement
  8598 | D:10     | Got a bloodstained hand crossbow
  8647 | D:10     | Found a staircase to the Orcish Mines.
  9256 | D:9      | Found a glowing golden altar of the Shining One.
 10514 | D:10     | Found a staircase to the Lair.
 10529 | D:10     | Found a large runed door.
 10532 | D:10     | Found a large runed door.
 10534 | D:10     | Noticed Forgol's ghost (journeyman HaHu)
 10797 | D:10     | Noticed a green ugly thing
 10819 | D:10     | Killed a green ugly thing
 10819 | D:10     | Reached ***** piety under Cheibriados
 11084 | D:10     | Found a glowing golden altar of the Shining One.
 12534 | D:11     | Reached skill level 11 in Polearms
 12722 | D:11     | Found Qitaus's Antique Weapon Boutique.
 12728 | D:11     | Bought a glowing trident for 156 gold pieces
 12776 | D:11     | Found a portal to a secret trove of treasure.
 12941 | D:11     | Noticed a cyclops
 12956 | D:11     | Killed a cyclops
 12956 | D:11     | Reached XP level 11. HP: 94/94 MP: 16/16
 13148 | D:11     | Noticed Sonja
 13148 | D:11     | Noticed a four-headed hydra
 13152 | D:11     | Killed a four-headed hydra
 13157 | D:11     | Killed Sonja
 13386 | Lair:1   | Entered Level 1 of the Lair of Beasts
 14429 | Lair:1   | Noticed Grum
 14446 | Lair:1   | Killed Grum
 14620 | Lair:1   | Reached ****** piety under Cheibriados
 14764 | Lair:1   | Reached skill level 12 in Polearms
 15214 | Lair:2   | Found a labyrinth entrance.
 15225 | Lab      | Entered a labyrinth
 15913 | Lab      | Noticed a minotaur
 15937 | Lab      | Killed a minotaur
 15939 | Lab      | Got a pitted emerald amulet
 16189 | Lair:2   | Reached XP level 12. HP: 104/104 MP: 18/18
 16381 | Lair:2   | Got a pitted demon trident
 16382 | Lair:2   | Identified the +8 demon trident of Kes Ziuj {pain, rElec
                  | rPois MR+} (You acquired it on level 2 of the Lair of
                  | Beasts)
 16482 | Lair:2   | Identified the amulet "Oskism" {Faith rN+} (You took it off
                  | a minotaur in a labyrinth)
 16517 | Lair:2   | Noticed a five-headed hydra
 16522 | Lair:2   | Killed a five-headed hydra
 17111 | Lair:3   | Found a frozen archway.
 17128 | IceCv    | Entered an ice cave
 17180 | IceCv    | Engulfed by a cloud of freezing vapour

Skill      XL: |  1  2  3  4  5  6  7  8  9 10 11 |
---------------+----------------------------------+-----
Dodging        | 3 4 5 6 7 |  7.9
Polearms       | 3 4 5 6 7 9 10 11 12 | 12.7
Fighting       | 4 5 6 7 9 |  9.4
Shields        | 4 5 6 7 8 |  8.6
Invocations    | 4 7 8 |  8.5

Action                   |  1- 3 |  4- 6 |  7- 9 | 10-12 || total
-------------------------+-------+-------+-------+-------++-------
Melee: Trident           |   116 |   188 |   393 |   497 ||  1194
       Tailslap          |     8 |    18 |    54 |   115 ||   195
       Demon trident     |       |       |       |    53 ||    53
Throw: Throwing net      |       |       |     1 |     2 ||     3
Invok: Slouch            |       |       |       |     2 ||     2
 Abil: Breathe Fire      |       |       |     7 |     7 ||    14
  Use: Scroll            |     3 |     3 |    10 |    22 ||    38
       Potion            |     1 |     2 |     3 |     4 ||    10
 Stab: Sleeping          |     1 |     5 |     6 |     7 ||    19
       Distracted        |       |       |     1 |     1 ||     2
       Invisible         |       |       |       |     6 ||     6
  Eat: Chunk             |     1 |    12 |    11 |     6 ||    30
       Ration            |       |       |     1 |     2 ||     3
Armor: Skin              |    31 |    43 |    58 |   108 ||   240
Dodge: Dodged            |    54 |    58 |    92 |   226 ||   430
Block: Shield            |    47 |    62 |   202 |   387 ||   698
